 Dungeon Crawl Stone Soup version 0.18.1-1-g2f07953 (webtiles) character file.

931 Eucla the Martial Artist (level 8, -4/39 HPs)
             Began as a Vine Stalker Monk on May 8, 2016.
             Slain by a troll (10 damage)
             ... on level 4 of the Dungeon.
             The game lasted 00:04:07 (2374 turns).

Eucla the Martial Artist (Vine Stalker Monk)        Turns: 2374, Time: 00:04:08

Health: -4/39      AC: 10    Str: 15    XL:     8   Next: 11%
Magic:  0/18       EV:  3    Int: 10    God:
Gold:   139        SH:  0    Dex: 18    Spells: 0 memorised, 7 levels left

rFire  . . .     SeeInvis .       - Unarmed
rCold  . . .     Gourm    .     r - +0 chain mail
rNeg   . . .     Faith    .     (no shield)
rPois  .         Spirit   +     u - +0 helmet
rElec  .         Dismiss  .     y - +0 cloak
rCorr  .         Reflect  .     (no gloves)
SustAt .         Harm     +     (no boots)
MR     +....                    w - amulet of harm
Stlth  ..........               k - ring of magical power
                                q - +1 ring of evasion

@: somewhat resistant to hostile enchantments, extremely unstealthy
A: fangs 3, regeneration 2, magic shield, antimagic bite, no device heal 3, rot
immunity
a: no special abilities


You were on level 4 of the Dungeon.
You were not hungry.

You visited 1 branch of the dungeon, and saw 4 of its levels.

You collected 139 gold pieces.

Inventory:

Armour
 a - a +0 robe
 r - a +0 chain mail (worn)
 u - a +0 helmet (worn)
 y - a +0 cloak (worn)
Jewellery
 g - a +2 ring of strength
 i - an uncursed amulet of guardian spirit
 k - a ring of magical power (right hand)
 q - a +1 ring of evasion (left hand)
 w - an amulet of harm (around neck)
 A - an uncursed ring of magical power
Wands
 v - a wand of teleportation (4/9)
Scrolls
 c - 4 scrolls of teleportation {unknown}
 e - a scroll of recharging {unknown}
 f - 2 scrolls of amnesia {unknown}
 n - 3 scrolls of remove curse {unknown}
 p - 4 scrolls of enchant weapon {unknown}
 s - 6 scrolls of identify {unknown}
 t - a scroll of fear {unknown}
 C - a scroll of fog {unknown}
Potions
 d - 3 potions of curing
 h - a potion of degeneration {unknown}
 j - a potion of lignification {unknown}
 l - a potion of ambrosia {unknown}
 m - a potion of haste {unknown}
 o - a potion of berserk rage {unknown}
 x - 2 potions of heal wounds {unknown}
 z - a potion of beneficial mutation {unknown}
Comestibles
 b - 2 bread rations
 B - a chunk of flesh
 D - a royal jelly


   Skills:
 - Level 2.6 Fighting
 - Level 2.4 Dodging
 - Level 2.4 Stealth
 + Level 9.9 Unarmed Combat


You had 7 spell levels left.
You didn't know any spells.

Dungeon Overview and Level Annotations

Branches:
Dungeon (4/15)
 Temple: D:4-7

Altars:


Innate Abilities, Weirdness & Mutations

You have razor-sharp teeth.
You heal very quickly.
When hurt, damage is shared between your health and your magic reserves.
Your bite disrupts and absorbs the magic of your enemies.
Potions and wands cannot restore your health.
You are immune to rotting.


Message History

Unknown command.
You are too injured to fight recklessly!
You are too injured to fight recklessly!
Unknown command.
Drink which item? (? for menu, Esc to quit)
You have no ailments to cure.
Drink which item? (? for menu, Esc to quit)
Okay, then.
An orc comes into view. It is wielding a whip.
Unknown command.
The orc shouts!
A howler monkey skeleton comes into view.
You see here a flail.
The orc priest mumbles some strange prayers to Beogh against you.
Beogh smites you!
* * * LOW HITPOINT WARNING * * *
Unknown command.
There is a stone staircase leading up here.
The troll bites you!
You die...

.# ## .# # ##.###.###.
...#. .#.# #####..###..#
##........##.#########
.....#..#.##.##T@....####
###
.#.#.#...)o.oZ..........
...
.†.....####..##.####...#
##.##### .#.#.### #..##.#
#...# #....... .....###
#..##.# #...# ##.#####
##.....# #..##.#
#...####.##### #####o#
#..##.# #.....).......
#.#
#..##.####.#.####.#####
#.# #............# #.# #


You could see a troll, an orc priest, an orc and a howler monkey skeleton.

Vanquished Creatures
  Pikel (D:4)
  The ghost of smazza the Poker, an amateur MfGl (D:3)
  Crazy Yiuf (D:4)
  Jessica (D:3)
  Terence (D:2)
  A worker ant (D:4)
  Natasha (D:2)
  2 orc wizards (D:3)
  A hound zombie (D:3)
  Robin (D:2)
  5 adders (D:2)
  4 gnolls (D:3)
  An ooze (D:3)
  A worm (D:2)
  A dart slug (D:2)
  11 orcs
  8 bats
  A giant cockroach (D:4)
  16 goblins
  11 hobgoblins
  12 kobolds
  2 ball pythons
  2 giant newts (D:2)
  10 rats
96 creatures vanquished.

Vanquished Creatures (others)
  A slave (D:4)
  A howler monkey (D:4)
  An orc wizard (D:4)
  A giant gecko (D:4)
4 creatures vanquished.

Grand Total: 100 creatures vanquished

Notes
Turn   | Place    | Note
--------------------------------------------------------------
     0 | D:1      | Eucla the Vine Stalker Monk began the quest for the Orb.
     0 | D:1      | Reached XP level 1. HP: 11/11 MP: 2/2
    64 | D:1      | Reached XP level 2. HP: 15/16 MP: 3/3
   323 | D:1      | Reached XP level 3. HP: 19/19 MP: 4/4
   399 | D:1      | Reached skill level 5 in Unarmed Combat
   818 | D:2      | Reached XP level 4. HP: 21/23 MP: 5/5
   909 | D:2      | Noticed Terence
   909 | D:2      | Noticed Natasha
   915 | D:2      | Killed Natasha
   929 | D:2      | Killed Terence
   929 | D:2      | Reached skill level 6 in Unarmed Combat
  1061 | D:2      | Reached XP level 5. HP: 27/27 MP: 6/6
  1167 | D:2      | Noticed Robin
  1206 | D:2      | Killed Robin
  1527 | D:3      | Reached skill level 7 in Unarmed Combat
  1539 | D:3      | Noticed smazza's ghost (amateur MfGl)
  1556 | D:3      | Killed smazza's ghost
  1556 | D:3      | Gained mutation: You heal very quickly. [Vine Stalker growth]
  1556 | D:3      | Reached XP level 6. HP: 17/32 MP: 7/7
  2135 | D:3      | Noticed Jessica
  2141 | D:3      | Killed Jessica
  2141 | D:3      | Reached skill level 8 in Unarmed Combat
  2182 | D:4      | Reached XP level 7. HP: 35/35 MP: 8/8
  2187 | D:4      | Noticed Pikel
  2214 | D:4      | Killed Pikel
  2214 | D:4      | Reached skill level 9 in Unarmed Combat
  2214 | D:4      | Gained mutation: You have razor-sharp teeth. [Vine Stalker growth]
  2214 | D:4      | Reached XP level 8. HP: 39/39 MP: 9/9
  2261 | D:4      | Noticed Crazy Yiuf
  2266 | D:4      | Killed Crazy Yiuf
  2351 | D:4      | Noticed a troll
  2374 | D:4      | Slain by a troll

Skill      XL: |  1  2  3  4  5  6  7 |
---------------+----------------------+-----
Unarmed Combat | 5 6 7 8 9 |  9.9
Fighting       | |  2.6
Dodging        | |  2.4
Stealth        | |  2.4

Action                   |  1- 3 |  4- 6 |  7- 9 || total
-------------------------+-------+-------+-------++-------
Melee: Unarmed           |   103 |   194 |    35 ||   332
       Bite              |    32 |    55 |    11 ||    98
       Punch             |     3 |     2 |     3 ||     8
 Stab: Sleeping          |     3 |     1 |       ||     4
  Eat: Chunk             |       |     3 |     1 ||     4
       Fruit             |       |     2 |       ||     2
Armor: Robe              |    11 |       |       ||    11
       Chain mail        |       |   104 |    15 ||   119
Dodge: Dodged            |    75 |    78 |     8 ||   161
